AoeStats
← Governor1234

Arabia

510308992Analyzed
1v1 RM · 2d ago on Sep 30, 2026· 36m 11s· 2 players
Game mode
Random Map
Map size
Tiny (2 player)
Population
200
Speed
Normal
Resources
Standard
Victory
Conquest
Starting age
Dark Age
Ending age
Imperial Age
RankedLock teamsTeams togetherTeam positionsShared explorationLock speedFull tech treeHidden civsTurbo modeCheats
Victory
Defeat
🇨🇳 Vikings · China
254
+12
🇫🇷 Spanish · France
170
-12
Valahryan
0:28 Loom
15:59 Feudal Age
17:38 Wheelbarrow
16:51 Double-Bit Axe
16:49 Horse Collar
18:19 Gold Mining
21:52 Stone Mining
28:11 Castle Age
26:24 Bloodlines
25:38 Man-at-Arms
26:04 Arson
29:10 Bow Saw
29:04 Heavy Plow
30:57 Squires
30:43 Gambesons
30:20 Long Swordsman
31:06 Husbandry
34:27 Hand Cart
Governor1234
9:30 Loom
12:25 Feudal Age
12:54 Horse Collar
13:00 Double-Bit Axe
24:04 Castle Age
23:38 Forging
23:28 Scale Mail Armor
24:11 Gold Mining
24:11 Stone Mining
26:19 Bow Saw
26:49 Gold Shaft Mining
28:02 Heavy Plow
30:25 Chain Mail Armor
30:45 Iron Casting
30:02 Fletching
31:23 Squires
32:45 Town Watch
33:03 Bodkin Arrow
Connection lost

Rejoining the realm…

Still unreachable

The connection could not be restored.

Session expired

The server has moved on; the page needs a fresh start.